Map: Catalyseur EC

Players

AreS

  • Race: Protoss Protoss
  • League: Diamond
  • Spawn Location: 11:00

HoldTheDoor - Winner!

  • Race: Protoss Protoss
  • League: Diamond
  • Spawn Location: 5:00

VOD

Have the link to the VOD?

Description

Time

  • Played on: July 12, 2018, 11:09 a.m.
  • Length: 3:25
Show
View Real Time Build Order
Export as new Build Order

AreS Protoss 

Build Orders:  

Get SALT Encoding   

  12  0:01  Probe  
  13  0:13  Probe  
  14  0:17  Pylon  
  14  0:25  Probe  
  15  0:33  Probe  
  15  0:38  Gateway  
  16  0:43  Probe  
  16  0:45  Assimilator  
  17  0:53  Assimilator  
  17  0:54  Probe  
  18  1:02  Probe  
  18  1:10  Probe  
  19  1:13  Pylon  
  20  1:21  Probe  
  21  1:28  Cybernetics Core  
  21  1:33  Probe  
  22  1:43  Pylon  
  22  1:45  Probe  
  23  1:57  Probe  
  23  2:09  Probe  
  23  2:21  Probe  
  23  2:24  Adept  
  25  2:34  Probe  
  25  2:46  Probe  
  22  2:58  Probe  
  20  3:10  Probe  
Show
View Real Time Build Order
Export as new Build Order

HoldTheDoor Protoss - Winner!

Build Orders: Cannon Rush 

Get SALT Encoding   

  12  0:01  Probe  
  13  0:13  Probe  
  14  0:18  Pylon  
  14  0:25  Probe  
  15  0:37  Forge  
  15  0:38  Probe  
  16  0:46  Probe  
  16  0:54  Pylon  
  16  0:56  Probe  
  18  1:08  Probe  
  19  1:15  Photon Cannon  
  19  1:29  Pylon  
  19  1:30  Probe  
  20  1:40  Pylon  
  20  1:50  Photon Cannon  
  20  1:56  Photon Cannon  
  20  2:02  Pylon  
  20  2:13  Photon Cannon  
  20  2:17  Photon Cannon  
  20  2:24  Photon Cannon  
  20  2:26  Pylon  
  20  2:42  Probe  
  20  2:52  Photon Cannon  
  20  2:59  Photon Cannon  
  20  3:05  Pylon  
  20  3:13  Photon Cannon  
Tags
 
Matchup
PvP
Spawn Locations
Cross Positions
Add a new tag
Caveats
  • Supply blocks, unpowered buildings, or Contaminate may cause inaccurate times.
  • Supply counts are checked every 10 seconds.